 Dungeon Crawl Stone Soup version 0.31.0-9-g3a7656b989 (webtiles) character file.

Game seed: 17669980082690590401

79 qw the Shooter (level 4, -12/25 HPs)
             Began as a Deep Elf Hunter on Feb 3, 2024.
             Killed by divine providence
             ... invoked by an orc priest
              (14 damage)
             ... on level 3 of the Dungeon.
             The game lasted 00:00:05 (1917 turns).

qw the Shooter (Deep Elf Hunter)                    Turns: 1917, Time: 00:00:06

Health: -12/25     AC:  4    Str: 10    XL:     4   Next: 16%
Magic:  6/6        EV: 12    Int: 14    God:
Gold:   190        SH:  5    Dex: 18    Spells: 3/3 levels left

rFire   . . .        a - +0 shortbow
rCold   . . .        (shield currently unavailable)
rNeg    . . .        n - +1 leather armour {rPois}
rPois   +            (no helmet)
rElec   .            (no cloak)
rCorr   .            (no gloves)
SInv    .            (no boots)
Will    .....        k - amulet of reflection
Stlth   ++           (no ring)
HPRegen 0.24/turn    (no ring)
MPRegen 0.10/turn

%: reflection
@: no status effects
A: no striking features
a: no special abilities


You were on level 3 of the Dungeon.
You visited 1 branch of the dungeon, and saw 3 of its levels.

You collected 190 gold pieces.


   Skills:
 - Level 1.5 Fighting
 + Level 7.6 Ranged Weapons
 - Level 2.4 Dodging
 - Level 1.2 Stealth


You had 3 spell levels left.
You didn't know any spells.
Your spell library was empty.

Inventory:

Hand Weapons
 a - a +0 shortbow (weapon)
Armour
 n - a +1 leather armour of poison resistance (worn)
Jewellery
 c - a ring of fire
 k - an amulet of reflection (around neck)
Potions
 b - a potion of brilliance {unknown}
 d - 2 potions of haste
 e - 2 potions of lignification {unknown}
 i - a potion of heal wounds {unknown}
 j - a potion of curing {unknown}
 m - a potion of berserk rage {unknown}

Dungeon Overview and Level Annotations

Branches:
Dungeon (3/15)

Altars:


Message History

An orc is nearby!
You shoot an arrow. The arrow hits the orc.
The orc is severely wounded.
The orc hits you with a +0 hand axe.
You shoot an arrow. The arrow hits the orc.
You kill the orc!
You shoot an arrow.
The arrow hits the orc but does no damage.
The orc misses you.
You shoot an arrow. The arrow hits the orc.
The orc is severely wounded.
The orc hits you with a +0 mace.
You shoot an arrow. The arrow hits the orc.
The orc is almost dead.
The orc barely misses you. x2
You shoot an arrow. The arrow hits the orc.
You kill the orc!
You shoot an arrow. The arrow closely misses the orc.
The orc hits you but does no damage.
You shoot an arrow. The arrow hits the orc.
The orc is moderately wounded.
You block the orc's attack.
You shoot an arrow. The arrow barely misses the orc.
You hear a shout!
The orc hits you with a +0 hand axe.
You shoot an arrow. The arrow hits the orc!
You kill the orc!
You shoot an arrow. The arrow hits the orc priest.
The orc priest is lightly wounded.
The orc priest hits you but does no damage.
You shoot an arrow. The arrow hits the orc priest.
The orc priest is heavily wounded.
The orc priest hits you with a +0 dagger.
You shoot an arrow.
The arrow hits the orc priest but does no damage.
The orc priest is heavily wounded.
The orc priest invokes the aid of Beogh against you.
Beogh smites you!
Ouch! That really hurt!
You die...

.. .# o# o### ...#
o.# ##.# ## #o##
##.# ##@###.#
##.#..# ##.#.#
###.# #.# ##.## #
####...###########
+.................
####....##########


You could see an orc priest.

Vanquished Creatures
  3 adders
  2 dart slugs (D:1)
  3 orcs (D:3)
  7 bats
  7 endoplasms
  2 goblins
  3 hobgoblins
  4 ball pythons
  5 frilled lizards
  2 kobolds
  5 rats
43 creatures vanquished.

Notes
Turn   | Place    | Note
-------+----------+-------------------------------------------
     0 | D:1      | qw the Deep Elf Hunter began the quest for the Orb.
     0 | D:1      | Reached XP level 1. HP: 12/12 MP: 3/3
     0 | D:1      | 0 ||| qw: Version: 0.3-a-155-g5e7d8dd
     0 | D:1      | 0 ||| qw: Game counter: 2941
     0 | D:1      | 0 ||| qw: Melee chars always use a shield: true
     0 | D:1      | 0 ||| qw: God list: Okawaru
     0 | D:1      | 0 ||| qw: Allow faded altars: false
     0 | D:1      | 0 ||| qw: Do Orc after clearing Dungeon:15 true
     0 | D:1      | 0 ||| qw: Do second Lair branch before Depths: true
     0 | D:1      | 0 ||| qw: Lair rune preference: random
     0 | D:1      | 0 ||| qw: Goals: Normal
     0 | D:1      | 0 ||| PLANNING D:1-11
    41 | D:1      | 41 ||| DROPPING scroll of butterflies.
   177 | D:1      | Reached skill level 6 in Ranged Weapons
   177 | D:1      | Reached XP level 2. HP: 16/16 MP: 4/4
   577 | D:1      | 577 ||| READING scroll labelled ITSOCZ ZA CAURO.
   577 | D:1      | 577 ||| IDENTIFYING lumpy blue potion
   865 | D:2      | Reached XP level 3. HP: 20/20 MP: 5/5
  1239 | D:2      | Reached skill level 7 in Ranged Weapons
  1470 | D:2      | 1470 ||| UPGRADING to +1 leather armour of poison
                  | resistance.
  1480 | D:2      | 1480 ||| DROPPING +0 leather armour.
  1481 | D:2      | 1481 ||| UPGRADING to amulet of reflection.
  1486 | D:2      | 1486 ||| READING scroll labelled INEANIMIQI.
  1487 | D:2      | 1487 ||| READING scroll labelled MYLUQI BENEP.
  1488 | D:2      | 1488 ||| READING scroll labelled WICKI AMMUAN.
  1489 | D:2      | 1489 ||| READING scroll labelled YJAOCA DAUKHIE.
  1490 | D:2      | 1490 ||| READING scroll labelled JOKEXU TYJAEL.
  1816 | D:3      | Reached XP level 4. HP: 25/25 MP: 6/6
  1902 | D:3      | 1902 ||| FLEEEEING.
  1908 | D:3      | HP: 5/25 [orc/+0 mace (5)]
  1913 | D:3      | HP: 2/25 [orc/+0 hand axe (4)]
  1917 | D:3      | Killed from afar by an orc priest

Levels and vault maps discovered:
D:1:      amcnicky_arrival_underground_garden, layout_basic,
          nicolae_eternal_life
D:2:      layout_basic, chequers_avenue, nicolae_elevator_lobby_asterisk
D:3:      layout_loops_corners

Skill      XL: |  1  2  3 |
---------------+----------+-----
Ranged Weapons | 6 7 |  7.6
Fighting       | |  1.5
Dodging        | |  2.4
Stealth        | |  1.2

Action                     |  1- 3 |  4- 6 || total
---------------------------+-------+-------++-------
   Fire: Shortbow          |   109 |    19 ||   128
    Use: Scroll            |     6 |       ||     6
 Armour: Leather armour    |    14 |    10 ||    24
  Dodge: Dodged            |    20 |     5 ||    25
  Block: Other             |     1 |     1 ||     2

Table legend:
 A = Non-vault XP
 B = Vault XP
 C = Vault XP percentage of total XP
 D = Non-vault monster count
 E = Vault monster count
 F = Vault count percentage of total count
                 A         B        C        D         E       F
            +---------+---------+-------+---------+---------+-------
      Total |     113 |       0 |   0.0 |      43 |       0 |   0.0
            +---------+---------+-------+---------+---------+-------
        D:1 |      32 |       0 |   0.0 |      18 |       0 |   0.0
        D:2 |      41 |       0 |   0.0 |      11 |       0 |   0.0
        D:3 |      40 |       0 |   0.0 |      14 |       0 |   0.0
            +---------+---------+-------+---------+---------+-------
